Map: Orbital Depot

Players

Crisis

  • Race: Zerg Zerg
  • League: Diamond
  • Spawn Location: 3:00

AstnPwrs

  • Race: Protoss Protoss
  • Spawn Location: 3:00

Teredal

  • Race: Zerg Zerg
  • League: Silver
  • Spawn Location: 1:00

Metasapien - Winner!

  • Race: Zerg Zerg
  • League: Platinum
  • Spawn Location: 7:00

Sean - Winner!

  • Race: Terran Terran
  • Spawn Location: 9:00

Hammy - Winner!

  • Race: Protoss Protoss
  • League: Platinum
  • Spawn Location: 9:00

VOD

Have the link to the VOD?

Description

Time

  • Played on: Sept. 23, 2017, 4:33 a.m.
  • Length: 7:39
Show
View Real Time Build Order
Export as new Build Order

Crisis Zerg 

Build Orders: Pool First 

Get SALT Encoding   

  12  0:02  Drone  
  13  0:09  Drone  
  14  0:26  Extractor  
  14  0:28  Extractor  
  12  0:29  Drone x2  
  12  0:34  Overlord  
  15  0:56  Drone x2  
  17  1:02  Evolution Chamber  
  17  1:07  Spawning Pool  
  17  1:09  Drone  
  17  1:13  Drone  
  18  1:22  Evolution Chamber  
  18  1:25  Drone  
  18  1:34  Drone  
  19  1:50  Drone  
  20  2:09  Spine Crawler  
  20  2:12  Drone, Spore Crawler  
  20  2:13  Drone  
  20  2:16  Drone  
  21  2:29  Overlord  
  21  2:38  Zergling x2  
  22  2:46  Queen  
  22  2:49  Zergling x2  
  25  2:51  Metabolic Boost  
  25  2:53  Zerg Melee Weapons Level 1  
  25  3:04  Zergling x2  
  26  3:14  Hatchery  
  25  3:21  Overlord  
  25  3:26  Zergling x2  
  26  3:34  Zergling x2  
  27  3:49  Overlord  
  27  3:57  Overlord x2, Extractor  
  27  4:00  Lair  
  26  4:03  Drone x2  
  28  4:15  Overlord  
  28  4:23  Drone  
  29  4:29  Drone  
  30  4:35  Drone  
  30  4:36  Drone  
  32  4:40  Drone x2  
  32  4:41  Drone  
  32  4:42  Drone  
  36  5:05  Drone x4  
  40  5:07  Queen  
  40  5:09  Queen  
  44  5:22  Drone x3  
  47  5:30  Drone x3  
  47  5:34  Hatchery  
  49  6:03  Drone  
  50  6:04  Drone  
  50  6:07  Overseer  
  51  6:14  Extractor  
  51  6:16  Extractor  
  51  6:18  Overlord x2  
  49  6:24  Zergling x6  
  49  6:25  Zergling x2  
  53  6:33  Zergling x2  
  53  6:34  Zergling x6  
  57  6:44  Zergling x2  
  57  6:45  Zergling x6  
  60  6:50  Zergling x6  
  60  6:56  Zergling x2  
  60  6:57  Zergling x2  
  60  7:00  Zergling x4  
  61  7:02  Zergling x2  
  61  7:03  Zergling x2  
Show
View Real Time Build Order
Export as new Build Order

AstnPwrs Protoss 

Build Orders: Phoenix Opening 

Get SALT Encoding   

  12  0:07  Probe (Chrono Boost)  
  13  0:17  Probe (Chrono Boost)  
  14  0:30  Pylon  
  14  0:31  Probe (Chrono Boost)  
  15  0:46  Assimilator  
  15  0:48  Probe (Chrono Boost)  
  16  0:53  Gateway  
  16  0:59  Probe (Chrono Boost)  
  17  1:07  Forge  
  17  1:09  Probe (Chrono Boost)  
  18  1:15  Assimilator  
  18  1:19  Pylon  
  18  1:22  Probe (Chrono Boost)  
  19  1:32  Probe (Chrono Boost)  
  20  1:43  Probe (Chrono Boost)  
  20  1:46  Photon Cannon  
  21  1:51  Cybernetics Core  
  21  1:55  Probe (Chrono Boost)  
  22  2:17  Gateway  
  22  2:33  Stargate  
  22  2:38  Pylon  
  22  2:46  Photon Cannon  
  22  2:48  Probe (Chrono Boost)  
  23  3:03  Stargate  
  23  3:12  Warp Gate  
  23  3:17  Phoenix (Chrono Boost)  
  25  3:55  Phoenix (Chrono Boost)  
  29  3:58  Phoenix (Chrono Boost)  
  29  4:18  Phoenix (Chrono Boost)  
  29  4:23  Phoenix (Chrono Boost)  
  37  5:21  Phoenix (Chrono Boost)  
  37  5:25  Phoenix (Chrono Boost)  
  37  5:39  Pylon, Stargate  
  35  6:18  Phoenix (Chrono Boost)  
  35  6:21  Phoenix (Chrono Boost)  
  37  6:41  Phoenix (Chrono Boost)  
  37  6:46  Phoenix (Chrono Boost)  
Show
View Real Time Build Order
Export as new Build Order

Teredal Zerg 

Build Orders: Pool First 

Get SALT Encoding   

  12  2:01  Overlord  
  12  2:02  Overlord x2  
  12  2:08  Spawning Pool  
  11  2:20  Drone  
  12  2:27  Hatchery  
  11  3:03  Hatchery  
  10  3:06  Hatchery  
  10  3:11  Drone  
  10  3:12  Drone x2  
  12  3:14  Queen  
  14  3:22  Extractor  
  14  3:24  Extractor  
  12  3:38  Zergling x2  
  12  3:39  Zergling x2  
  15  3:41  Drone  
  15  3:48  Drone  
  16  4:00  Queen  
  16  4:01  Queen  
  20  4:18  Spine Crawler  
  20  4:19  Spine Crawler  
  18  4:27  Drone x4  
  18  4:28  Drone x2  
  18  4:30  Drone x4  
  28  4:50  Queen x2  
  32  4:58  Spore Crawler  
  31  5:05  Spine Crawler  
  30  5:11  Drone  
  30  5:12  Drone x4  
  35  5:31  Lair  
  35  5:37  Drone x5  
  40  5:56  Overlord  
  40  5:57  Overlord x2  
  40  5:58  Overlord x2  
  40  6:13  Overlord x2  
  40  6:14  Overlord  
  40  6:17  Zergling x2  
  40  6:18  Zergling x12  
  37  6:49  Zergling x2  
  37  6:50  Zergling x22  
Show
View Real Time Build Order
Export as new Build Order

Metasapien Zerg - Winner!

Build Orders: Pool First 

Get SALT Encoding   

  12  0:01  Drone  
  13  0:19  Spawning Pool  
  13  0:20  Drone  
  13  0:27  Overlord  
  13  0:32  Drone, Extractor  
  13  0:37  Drone  
  14  0:46  Drone  
  15  0:57  Drone  
  16  1:18  Drone x2  
  16  1:19  Queen  
  21  1:25  Drone  
  21  1:28  Extractor  
  21  1:32  Hatchery  
  19  1:36  Overlord  
  19  1:56  Drone  
  20  2:02  Metabolic Boost  
  20  2:23  Zergling x2  
  20  2:24  Zergling x4  
  23  2:31  Lair  
  23  2:33  Drone  
  23  2:35  Drone  
  25  2:40  Hatchery  
  25  2:43  Queen  
  26  2:45  Drone  
  27  2:55  Drone  
  28  3:01  Zergling x10  
  28  3:03  Zergling x2  
  34  3:15  Overlord  
  34  3:17  Drone  
  35  3:27  Drone  
  36  3:37  Roach Warren  
  35  3:41  Drone  
  35  3:42  Hydralisk Den, Drone  
  36  3:52  Overlord x3  
  36  3:55  Drone  
  37  4:00  Spore Crawler  
  36  4:03  Spore Crawler  
  36  4:06  Spore Crawler  
  36  4:07  Drone x3  
  36  4:09  Drone  
  38  4:12  Drone  
  38  4:14  Drone  
  38  4:16  Drone  
  41  4:21  Hydralisk  
  43  4:25  Drone  
  44  4:38  Drone x2  
  44  4:39  Spore Crawler  
  44  4:42  Spore Crawler  
  44  4:47  Hydralisk x2  
  44  4:48  Hydralisk x2  
  51  4:56  Queen  
  53  5:07  Overlord x2  
  53  5:08  Overlord  
  53  5:11  Hydralisk x2  
  57  5:21  Drone  
  57  5:23  Spore Crawler  
  57  5:26  Drone  
  57  5:27  Drone x2  
  57  5:28  Drone x4  
  64  5:39  Drone  
  64  5:40  Drone  
  64  5:42  Extractor  
  65  5:48  Hydralisk x4  
  65  5:49  Hydralisk  
  75  6:01  Glial Reconstitution  
  75  6:03  Muscular Augments  
  75  6:05  Hydralisk x2  
  79  6:12  Pneumatized Carapace  
  79  6:16  Drone x3  
  82  6:22  Overlord x2, Extractor  
  82  6:25  Overlord  
  81  6:30  Extractor  
  80  6:37  Hydralisk  
  80  6:39  Overlord x2  
  82  6:42  Hydralisk x4  
  82  6:46  Roach  
  91  6:53  Drone x3  
  89  6:58  Drone, Extractor  
  86  7:06  Hydralisk x2  
  86  7:07  Roach x2  
  86  7:08  Roach x2  
  98  7:09  Overlord  
Show
View Real Time Build Order
Export as new Build Order

Sean Terran - Winner!

Build Orders:  

Get SALT Encoding   

  12  0:15  Supply Depot  
  12  0:22  SCV  
  13  0:48  Barracks  
  13  0:49  SCV  
  14  1:00  Refinery  
  14  1:01  SCV  
  15  1:13  SCV  
  15  1:16  Refinery  
  16  1:21  Supply Depot  
  17  1:25  SCV  
  17  1:32  Barracks  
  17  1:37  SCV  
  17  1:38  Marine  
  19  1:56  Marine  
  19  1:59  Supply Depot  
  20  2:10  Orbital Command  
  20  2:15  Barracks Tech Lab  
  20  2:19  Barracks Reactor  
  20  2:30  Factory  
  20  2:58  Marine x2  
  20  3:02  Marauder  
  24  3:16  Marine x2  
  26  3:23  Marauder  
  28  3:27  Factory Tech Lab  
  28  3:41  Command Center  
  28  4:06  Siege Tank  
  31  4:12  Marauder  
  31  4:14  Marine x2  
  35  4:22  Combat Shields  
  35  4:32  Marine x2  
  35  4:33  Marauder  
  39  4:49  Supply Depot  
  39  4:56  Refinery, SCV  
  40  5:08  SCV  
  41  5:19  Starport, Marine x2  
  41  5:21  SCV  
  44  5:30  Siege Tank  
  44  5:33  SCV  
  48  5:45  SCV  
  49  5:57  SCV  
Show
View Real Time Build Order
Export as new Build Order

Hammy Protoss - Winner!

Build Orders:  

Get SALT Encoding   

  12  0:01  Probe (Chrono Boost)  
  13  0:13  Pylon  
  13  0:18  Probe (Chrono Boost)  
  14  0:29  Probe (Chrono Boost)  
  15  0:36  Gateway  
  15  0:42  Assimilator  
  15  0:46  Probe (Chrono Boost)  
  17  0:57  Probe (Chrono Boost)  
  17  1:07  Probe (Chrono Boost)  
  17  1:10  Pylon  
  18  1:18  Probe (Chrono Boost)  
  19  1:24  Cybernetics Core  
  19  1:28  Probe (Chrono Boost)  
  20  1:37  Gateway  
  20  1:39  Probe (Chrono Boost)  
  21  1:48  Gateway  
  21  1:59  Pylon  
  21  2:01  Warp Gate (Chrono Boost)  
  21  2:06  Adept  
  23  2:28  Probe  
  23  2:29  Adept  
  25  2:36  Adept  
  27  2:38  Adept  
  27  2:43  Pylon  
  29  2:47  Probe  
  30  2:56  Adept  
  32  3:03  Adept  
  32  3:04  Mothership Core  
  36  3:17  Adept  
  38  3:25  Probe  
  38  3:26  Assimilator  
  39  3:45  Pylon  
  39  4:18  Pylon  
  39  4:33  Gateway  
  39  4:36  Gateway  
  39  4:43  Stalker x3  
  45  5:00  Pylon  
  45  5:06  Stalker  
  45  5:07  Stalker x2  
  50  5:32  Pylon  
  50  5:47  Stalker x3  
  54  6:22  Stalker x3  
  52  6:49  Pylon  
  52  6:50  Stalker  
  52  6:51  Stalker x2  
  56  7:02  Stalker x2  
  56  7:07  Gateway  
  60  7:15  Stalker  
  60  7:16  Stalker  
Tags
 
Add a new tag
Caveats
  • Supply blocks, unpowered buildings, or Contaminate may cause inaccurate times.
  • Supply counts are checked every 10 seconds.